 Dungeon Crawl Stone Soup version 0.29-a0-323-g050149af67 (webtiles) character file.

Game seed: 17736763846596024051

700 Jortsu the Chopper (level 7, -2/62 HPs)
             Began as a Hill Orc Fighter on Apr 10, 2022.
             Was a Follower of Beogh.
             Killed from afar by an orc wizard (9 damage)
             ... with a puff of flame
             ... on level 5 of the Dungeon.
             The game lasted 00:07:38 (4405 turns).

Jortsu the Chopper (Hill Orc Fighter)               Turns: 4405, Time: 00:07:39

Health: -2/62      AC: 11    Str: 21    XL:     7   Next: 65%
Magic:  7/7        EV:  7    Int:  8    God:    Beogh [*.....]
Gold:   335        SH:  0    Dex: 10    Spells: 6/6 levels left

rFire   . . .      SeeInvis .   a - +0 war axe
rCold   . . .      Faith    .   c - +0 buckler
rNeg    . . .      Spirit   .   g - +0 chain mail
rPois   .          Reflect  .   (no helmet)
rElec   .          Harm     .   (no cloak)
rCorr   .          Rampage  .   f - +0 pair of gloves
Will    .....                   (no boots)
Stlth   ..........              (no amulet)
HPRegen 0.20/turn               (no ring)
MPRegen 0.10/turn               (no ring)

@: confused, mighty
A: no striking features
a: Renounce Religion


You were on level 5 of the Dungeon.
You worshipped Beogh.
Beogh was aware of your devotion.
You visited 1 branch of the dungeon, and saw 5 of its levels.

You collected 335 gold pieces.

Inventory:

Hand Weapons
 a - a +0 war axe (weapon)
Armour
 c - a +0 buckler (worn)
 f - a +0 pair of gloves (worn)
 g - a +0 chain mail (worn)
Wands
 b - a wand of flame (10)
 l - a wand of acid (13)
Scrolls
 k - a scroll of magic mapping
 m - a scroll of fog {unknown}
Potions
 d - 2 potions of might
 e - 3 potions of flight
 h - 2 potions of heal wounds
 i - 2 potions of attraction
 j - a potion of invisibility
 n - a potion of ambrosia {unknown}


   Skills:
 + Level 5.7 Fighting
 + Level 7.1 Axes
 + Level 5.1 Armour
 + Level 1.0 Dodging
 + Level 4.8 Shields


You had 6 spell levels left.
You didn't know any spells.
Your spell library contained the following spells:

 Spells                   Type           Power      Damage    Failure   Level
 Sting                    Tmut/Pois      0%         1d3       99%         1
 Poisonous Vapours        Pois/Air       0%         N/A       100%        2
 Olgreb's Toxic Radiance  Pois           0%         N/A       100%        4


Dungeon Overview and Level Annotations

Branches:
Dungeon (5/15)             Temple (0/1) D:5

Altars:


Message History

A magic dart appears from out of thin air!
The magic dart hits something.
You bump into the rock wall.
Something hits you.
You bump into the rock wall.
Something hits you but does no damage. x2
You completely miss something. x2; Something hits you but does no damage.
You hear some strange, mumbled words.
A magic dart appears from out of thin air!
The magic dart hits you!
* * * LOW HITPOINT WARNING * * *
You closely miss something. You miss something.
Something hits you but does no damage.
You hear some strange, mumbled words.
A puff of flame appears from out of thin air!
The puff of flame hits you.
* * * LOW HITPOINT WARNING * * *
Something hits you but does no damage. x2
You're too confused to move!
Something hits you but does no damage. x2
You're too confused to move!
Something hits you but does no damage. Something hits you.
* * * LOW HITPOINT WARNING * * *
You bump into the rock wall.
The hound barks!
Something hits you but does no damage. x2
You miss something. You closely miss something.
Something hits you but does no damage. x2
You bump into the rock wall.
Something hits you but does no damage. x2
Something hits you but does no damage.
You hear some strange, mumbled words.
You closely miss something. You miss the hound.
The hound bites you but does no damage. The hound bites you.
* * * LOW HITPOINT WARNING * * *
The hound attacks as you move away! The hound bites you but does no damage.
Something hits you but does no damage. Something hits you but does no damage.
The hound bites you but does no damage. The hound bites you but does no damage.
You hear some strange, mumbled words.
A puff of flame appears from out of thin air!
The puff of flame hits you!
You die...
Beogh appreciates something's killing of a heretic priest.

#... ........#.
...h........# #
........#.
#+###..........# #
....... #.# #.........##
##
.......###.###.........#.
.# ......................
.# #....................
## #..................##
#......).#......##
#.@.{....##.....##
##..h#..).##......#
.........###.##......##
..##.#.......#........#
## #####....)..#..##.##
.. .....##...##...### ..
..##..#..###...# ..
..###.....# ##### ..
........###


You could see a hound.

Vanquished Creatures
  A water moccasin (D:5)
  A sky beast (D:5)
  A phantom (D:5)
  An orc priest (D:5)
  2 jellies
  4 orc wizards
  3 iguanas (D:4)
  6 adders
  A white imp (D:5)
  An ufetubus (D:5)
  2 worms (D:2)
  2 dart slugs
  16 orcs
  5 ball pythons
  5 bats
  6 endoplasms
  A giant cockroach (D:1)
  8 goblins
  3 hobgoblins
  4 jackals (D:2)
  6 kobolds
  5 quokkas
  6 frilled lizards
  11 rats
101 creatures vanquished.

Vanquished Creatures (others)
  An orc (D:5)
1 creature vanquished.

Grand Total: 102 creatures vanquished

Notes
Turn   | Place    | Note
-------+----------+-------------------------------------------
     0 | D:1      | Jortsu the Hill Orc Fighter began the quest for the Orb.
     0 | D:1      | Reached XP level 1. HP: 19/19 MP: 1/1
   101 | D:1      | Reached XP level 2. HP: 22/27 MP: 2/2
   268 | D:1      | Reached skill level 3 in Axes
   377 | D:1      | Reached XP level 3. HP: 33/33 MP: 3/3
   684 | D:2      | Found a faded altar of an unknown god.
  1279 | D:2      | Identified the +1 robe "Gasun" {rC+}
  1506 | D:2      | Reached XP level 4. HP: 34/40 MP: 4/4
  2463 | D:3      | Reached skill level 4 in Axes
  2559 | D:4      | Reached XP level 5. HP: 35/47 MP: 2/5
  2715 | D:4      | HP: 1/47 [iguana (8)]
  2717 | D:4      | Reached skill level 5 in Fighting
  3116 | D:4      | Became a worshipper of Beogh the Brigand
  3606 | D:4      | Reached XP level 6. HP: 55/56 MP: 6/6
  3795 | D:5      | Entered Level 5 of the Dungeon
  3796 | D:5      | Found a staircase to the Ecumenical Temple.
  3879 | D:5      | Reached skill level 5 in Axes
  3964 | D:5      | Noticed a water moccasin
  3976 | D:5      | Killed a water moccasin
  3977 | D:5      | Reached XP level 7. HP: 53/61 MP: 7/7
  4008 | D:5      | Reached skill level 6 in Axes
  4008 | D:5      | Reached skill level 5 in Armour
  4008 | D:5      | Reached skill level 1 in Dodging
  4010 | D:5      | Reached * piety under Beogh
  4387 | D:5      | Reached skill level 7 in Axes
  4405 | D:5      | Killed from afar by an orc wizard

Illustrated notes

Levels and vault maps discovered:
D:1:      dpeg_arrival_rhombus, layout_rooms
D:2:      layout_loops_ring, nicolae_ecumenical_pavilion
D:3:      minmay_octagon_keep, layout_basic, minmay_misc_feat_hallway,
          serial_bayou_ford_a, chequers_garden, hangedman_decor_opposing
D:4:      layout_cave_pools, chequers_serial_rivers_small_3
D:5:      layout_cave_pools, lemuel_doored_altar, minmay_temple_entry_slanted,
          serial_shops, kennysheep_little_box

Skill      XL: |  1  2  3  4  5  6  7 |
---------------+----------------------+-----
Fighting       | 4 5 |  5.7
Axes           | 3 4 5 7 |  7.1
Shields        | 4 |  4.8
Armour         | 4 5 |  5.1
Dodging        | 1 |  1.0

Action                   |  1- 3 |  4- 6 |  7- 9 || total
-------------------------+-------+-------+-------++-------
Melee: War axe           |   109 |   161 |    79 ||   349
Invok: Convert to Beogh  |       |     1 |       ||     1
  Use: Scroll            |     4 |     7 |       ||    11
       Potion            |       |       |     1 ||     1
Armor: Scale mail        |    40 |       |       ||    40
       Chain mail        |    14 |    97 |   112 ||   223
Dodge: Dodged            |    55 |    61 |    23 ||   139
Block: Buckler           |    31 |    45 |     8 ||    84

Table legend: (Time is in decaauts)
 A = Elapsed time spent in this place.
 B = Non-inter-level travel time spent in this place.
 C = Inter-level travel time spent in this place.
 D = Time resting spent in this place.
 E = Time spent auto-exploring this place.
 F = Levels seen in this place.
 G = Mean time per level.
                   A        B        C        D        E       F      G
               +--------+--------+--------+--------+--------+-----+--------+
         Total |   4523 |   4439 |     84 |   1104 |   2287 |   5 |  904.6 |
       Dungeon |   4523 |   4439 |     84 |   1104 |   2287 |   5 |  904.6 |
               +--------+--------+--------+--------+--------+-----+--------+

Top non-repeatable levels by time:
     D:4: 1291 daAuts
     D:2: 1134 daAuts
     D:3: 759 daAuts
     D:1: 701 daAuts
     D:5: 637 daAuts
